Map: Romanticide LE

Players

MCanning

  • Race: Protoss Protoss
  • Spawn Location: 11:00

Scarlett - Winner!

  • Race: Zerg Zerg
  • League: Master
  • Spawn Location: 5:00

Event: DreamHack SC2 Masters 2020 Winter

VOD

Have the link to the VOD?

Description

Time

  • Played on: Oct. 30, 2020, 4:41 p.m.
  • Length: 24:31

All games in this series

Show
View Real Time Build Order
Export as new Build Order

MCanning Protoss 

Build Orders: 1 Gate Expand, Oracle Opening, Carriers 

Get SALT Encoding   

  12  0:00  Probe  
  13  0:12  Probe  
  14  0:20  Pylon  
  14  0:24  Probe  
  15  0:38  Gateway, Probe (Chrono Boost)  
  16  0:48  Assimilator, Probe (Chrono Boost)  
  17  0:53  Probe (Chrono Boost)  
  18  1:04  Probe  
  18  1:11  Unknown x3  
  19  1:16  Probe  
  20  1:24  Nexus  
  20  1:33  Cybernetics Core  
  20  1:36  Probe  
  21  1:44  Pylon  
  21  1:48  Probe  
  21  1:51  Assimilator  
  22  2:00  Probe  
  23  2:06  Adept (Chrono Boost)  
  23  2:12  Probe  
  26  2:24  Stargate, Probe  
  26  2:29  Stalker (Chrono Boost)  
  30  2:38  Probe (Chrono Boost)  
  30  2:41  Warp Gate, Probe (Chrono Boost)  
  31  2:47  Probe (Chrono Boost)  
  31  2:51  Probe (Chrono Boost)  
  33  2:52  Probe (Chrono Boost)  
  34  3:00  Probe, Void Ray (Chrono Boost)  
  34  3:02  Gateway  
  34  3:04  Probe  
  40  3:13  Probe  
  40  3:16  Probe  
  40  3:19  Pylon  
  42  3:25  Probe  
  43  3:28  Probe  
  43  3:32  Assimilator  
  44  3:34  Oracle (Chrono Boost)  
  44  3:36  Assimilator  
  44  3:37  Probe  
  44  3:40  Pylon, Probe  
  49  3:49  Probe  
  49  3:52  Probe  
  51  3:58  Pylon  
  51  4:01  Probe  
  52  4:04  Probe  
  53  4:13  Probe  
  53  4:16  Probe  
  55  4:18  Nexus  
  55  4:20  Pylon  
  55  4:25  Probe  
  55  4:29  Probe  
  56  4:37  Fleet Beacon, Probe  
  57  4:41  Probe  
  58  4:46  Stargate  
  58  4:47  Stargate  
  58  4:49  Probe  
  59  4:53  Probe  
  59  4:56  Adept  
  62  5:01  Probe  
  62  5:05  Probe  
  64  5:11  Pylon  
  64  5:12  Protoss Air Weapons Level 1  
  64  5:13  Probe  
  65  5:14  Forge  
  65  5:17  Probe  
  66  5:26  Probe  
  73  5:29  Probe  
  73  5:31  Probe  
  73  5:32  Carrier (Chrono Boost), Shield Battery  
  75  5:38  Probe  
  75  5:41  Probe  
  83  5:43  Probe  
  83  5:44  Carrier (Chrono Boost)  
  82  5:50  Probe  
  82  5:52  Assimilator  
  82  5:53  Probe  
  82  5:54  Adept  
  82  5:56  Assimilator  
  84  5:59  Robotics Facility  
  84  6:00  Photon Cannon  
  84  6:05  Probe  
  91  6:14  Probe  
  91  6:16  Carrier (Chrono Boost), Probe  
  91  6:18  Probe  
  94  6:19  Pylon  
  94  6:26  Pylon, Probe  
  94  6:28  Probe  
  94  6:30  Probe  
  97  6:39  Probe  
  104  6:40  Carrier (Chrono Boost)  
  104  6:43  Gateway  
  104  6:45  Gateway  
  104  6:47  Gateway  
  104  6:49  Pylon  
  104  6:50  Probe  
  104  6:53  Void Ray (Chrono Boost)  
  105  6:54  Robotics Bay  
  105  6:58  Observer (Chrono Boost)  
  110  7:04  Probe  
  110  7:05  Void Ray (Chrono Boost)  
  110  7:07  Pylon  
  115  7:13  Pylon  
  115  7:17  Protoss Air Weapons Level 2 (Chrono Boost)  
  115  7:21  Probe  
  116  7:26  Pylon  
  116  7:28  Carrier  
  116  7:29  Photon Cannon  
  122  7:34  Observer  
  122  7:38  Probe  
  122  7:40  Disruptor (Chrono Boost)  
  126  7:50  Probe  
  127  7:53  Pylon  
  127  7:55  Pylon  
  127  7:57  Twilight Council  
  126  8:01  Photon Cannon  
  126  8:02  Photon Cannon  
  126  8:04  Photon Cannon, Shield Battery  
  126  8:05  Photon Cannon  
  126  8:06  Photon Cannon  
  126  8:07  Shield Battery  
  126  8:08  Disruptor (Chrono Boost)  
  126  8:09  Phoenix  
  131  8:19  Stalker  
  130  8:20  Stalker  
  132  8:33  Disruptor (Chrono Boost)  
  135  8:36  Carrier  
  141  8:43  Pylon  
  141  8:48  Carrier  
  147  8:54  Zealot x3  
  147  8:55  Zealot x2  
  157  8:56  Charge, Observer (Chrono Boost)  
  158  9:08  Photon Cannon  
  158  9:10  Photon Cannon, Disruptor (Chrono Boost)  
  160  9:32  Nexus, Carrier  
  160  9:33  Pylon  
  156  9:45  Protoss Air Weapons Level 3 (Chrono Boost)  
  156  9:48  Zealot x2  
  156  9:49  Zealot x2  
  163  10:04  Pylon  
  163  10:06  Pylon  
  163  10:07  Pylon  
  163  10:11  Templar Archives  
  163  10:14  Pylon  
  163  10:17  Disruptor  
  160  10:31  Carrier (Chrono Boost)  
  160  10:34  Carrier (Chrono Boost)  
  149  10:38  Zealot x4  
  149  10:39  Zealot  
  165  10:47  Pylon  
  165  10:49  Photon Cannon  
  165  10:51  Photon Cannon  
  165  10:52  Disruptor  
  167  11:00  Psionic Storm  
  165  11:06  Zealot x2  
  165  11:07  Zealot x3  
  175  11:14  Nexus  
  175  11:18  Photon Cannon  
  173  11:26  Void Ray (Chrono Boost)  
  173  11:32  High Templar x2, Photon Cannon  
  176  11:33  Photon Cannon  
  176  11:35  Photon Cannon  
  176  11:36  Shield Battery  
  176  11:37  Protoss Ground Weapons Level 1  
  176  11:46  Unknown  
  170  11:49  Photon Cannon  
  170  11:50  High Templar x2, Photon Cannon  
  170  11:52  Shield Battery  
  170  11:54  Archon, Shield Battery  
  170  11:57  High Templar  
  162  12:01  Void Ray (Chrono Boost)  
  162  12:04  Pylon  
  162  12:07  Zealot x2  
  157  12:11  Void Ray (Chrono Boost)  
  165  12:18  Observer  
  166  12:24  Void Ray (Chrono Boost)  
  166  12:26  Zealot x2  
  170  12:31  Protoss Air Armor Level 1 (Chrono Boost)  
  166  12:47  Void Ray x2  
  168  13:04  Zealot x3  
  174  13:06  High Templar x2  
  174  13:10  Void Ray  
  178  13:13  Nexus  
  178  13:15  Pylon  
  182  13:24  Void Ray  
  186  13:35  Photon Cannon  
  186  13:37  Photon Cannon  
  186  13:38  Photon Cannon  
  186  13:39  Shield Battery, Void Ray  
  182  13:41  Shield Battery  
  168  13:49  Zealot x5, Protoss Shields Level 1  
  168  13:53  Probe  
  167  13:58  Carrier  
  169  14:05  Zealot  
  169  14:06  Zealot x2  
  175  14:14  Mothership (Chrono Boost)  
  183  14:22  Observer (Chrono Boost)  
  176  14:27  High Templar  
  178  14:31  Protoss Air Armor Level 2  
  178  14:35  Zealot x2  
  182  14:47  Warp Prism (Chrono Boost)  
  178  14:53  Zealot x2  
  178  14:56  Pylon  
  182  15:06  High Templar  
  182  15:07  Assimilator  
  182  15:10  Assimilator  
  182  15:14  Pylon  
  170  15:16  Observer  
  170  15:20  Carrier  
  174  15:27  Carrier (Chrono Boost)  
  175  15:30  Carrier (Chrono Boost)  
  168  15:50  Zealot x2  
  168  15:55  Probe x2  
  175  15:57  Probe  
  175  16:01  Pylon  
  175  16:03  High Templar x3  
  176  16:10  Archon  
  174  16:22  Carrier (Chrono Boost)  
  180  16:30  Zealot x2  
  184  16:33  Probe  
  184  16:38  Carrier (Chrono Boost)  
  182  16:44  Zealot x3  
  182  16:45  Pylon  
  194  16:49  Pylon  
  194  16:59  Protoss Air Armor Level 3 (Chrono Boost)  
  186  17:10  Zealot x3  
  190  17:21  Carrier  
  183  17:37  Zealot x2  
  183  17:38  Zealot x3  
  182  17:57  Archon  
  172  18:08  Nexus  
  172  18:14  Observer (Chrono Boost)  
  172  18:18  Zealot x2  
  176  18:28  Zealot x3  
  178  18:34  Mothership (Chrono Boost)  
  178  18:39  High Templar x2  
  178  18:48  Archon  
  178  18:52  High Templar  
  178  18:54  Zealot x2  
  184  19:02  Archon  
  184  19:12  High Templar x2  
  184  19:32  Dark Shrine  
  184  19:36  Photon Cannon  
  184  19:44  Zealot x5  
  194  19:46  Photon Cannon  
  194  19:49  Photon Cannon  
  194  19:52  Shield Battery  
  194  19:57  Pylon  
  194  20:00  Photon Cannon  
  194  20:02  Assimilator, Protoss Shields Level 2 (Chrono Boost)  
  194  20:05  Assimilator  
  181  20:22  Zealot x4  
  181  20:23  Zealot  
  191  20:35  Carrier  
  188  21:04  Zealot x5  
  188  21:08  Pylon  
  188  21:12  Blink  
  188  21:13  Tempest  
  193  21:20  Carrier  
  193  21:39  Carrier  
  199  21:51  High Templar  
  196  21:57  Nexus  
  194  22:02  Zealot  
  194  22:03  Zealot x2  
  200  22:11  Photon Cannon  
  200  22:13  Photon Cannon, Shield Battery  
  188  22:26  Mothership (Chrono Boost)  
  186  22:43  Pylon  
  182  22:50  Dark Templar  
  182  22:51  Zealot x4  
  182  23:02  Void Ray  
  164  23:11  Probe  
  163  23:17  Zealot x4  
  169  23:28  Zealot  
Show
View Real Time Build Order
Export as new Build Order

Scarlett Zerg - Winner!

Build Orders: Hatch First, Lurkers 

Get SALT Encoding   

  12  0:00  Drone  
  13  0:12  Overlord  
  13  0:16  Drone  
  14  0:30  Drone x2  
  16  0:48  Hatchery  
  15  0:50  Drone  
  15  0:53  Drone  
  17  0:57  Drone  
  18  1:08  Extractor  
  17  1:12  Spawning Pool  
  17  1:15  Drone  
  17  1:18  Drone  
  18  1:28  Drone  
  19  1:39  Drone  
  20  1:50  Drone  
  21  1:59  Queen x2  
  21  2:00  Zergling x2, Overlord  
  26  2:11  Drone x2  
  26  2:12  Metabolic Boost  
  28  2:21  Drone  
  28  2:22  Drone  
  30  2:32  Hatchery  
  30  2:34  Drone  
  30  2:37  Drone  
  30  2:43  Drone, Overlord  
  32  2:50  Queen  
  34  2:53  Zergling x2  
  34  2:55  Drone  
  36  3:04  Drone x2  
  38  3:11  Drone x2  
  38  3:12  Drone  
  41  3:17  Queen  
  41  3:18  Overlord  
  41  3:19  Drone  
  44  3:30  Overlord  
  44  3:38  Drone x3  
  47  3:42  Drone x5  
  47  3:44  Overlord  
  47  3:48  Overlord  
  52  3:49  Overlord  
  52  3:55  Queen  
  52  3:56  Overlord  
  52  4:00  Drone x2  
  52  4:02  Queen  
  57  4:06  Drone  
  57  4:08  Spore Crawler  
  57  4:09  Spore Crawler  
  56  4:10  Drone  
  56  4:14  Overlord  
  56  4:15  Drone x2  
  59  4:17  Drone  
  59  4:19  Drone  
  59  4:21  Drone x2  
  63  4:27  Drone x4  
  65  4:34  Drone  
  65  4:35  Drone x3  
  65  4:37  Zergling x2  
  69  4:41  Roach Warren  
  68  4:45  Evolution Chamber  
  68  4:49  Lair  
  68  4:50  Drone x6  
  73  4:53  Extractor x2  
  73  4:54  Extractor  
  71  5:00  Drone x5  
  75  5:09  Overlord  
  75  5:10  Zergling x10  
  80  5:19  Extractor, Zerg Missile Weapons Level 1  
  80  5:21  Drone x4, Extractor  
  78  5:22  Overlord  
  78  5:23  Overlord  
  78  5:27  Overlord  
  82  5:29  Overlord  
  82  5:37  Hatchery  
  82  5:38  Drone x3  
  82  5:39  Drone x2  
  85  5:49  Glial Reconstitution  
  84  5:50  Hydralisk Den  
  84  5:51  Drone x2, Infestation Pit  
  84  5:58  Drone x2  
  84  6:03  Roach x3  
  84  6:04  Roach x3  
  97  6:11  Drone  
  97  6:12  Drone x6  
  97  6:17  Hatchery  
  103  6:19  Drone  
  103  6:20  Muscular Augments  
  104  6:27  Hive  
  104  6:29  Hydralisk x5  
  104  6:32  Extractor  
  113  6:37  Overlord x3  
  113  6:44  Overseer  
  113  6:45  Hydralisk  
  113  6:46  Hydralisk x2  
  119  6:49  Drone  
  119  6:50  Drone  
  121  6:54  Drone x3  
  121  6:57  Extractor  
  121  6:59  Drone x3, Hydralisk x3  
  121  7:00  Unknown  
  131  7:04  Overlord  
  131  7:05  Overlord  
  131  7:08  Drone  
  132  7:13  Evolution Chamber  
  131  7:22  Overseer  
  131  7:25  Drone x5  
  136  7:31  Grooved Spines  
  136  7:32  Drone x4  
  136  7:33  Hydralisk  
  136  7:34  Hydralisk x6  
  136  7:35  Zerg Missile Weapons Level 2  
  154  7:40  Spore Crawler  
  154  7:42  Zerg Ground Armor Level 1  
  154  7:43  Viper  
  155  7:49  Viper  
  158  7:52  Overlord x3  
  158  8:04  Viper x2  
  164  8:08  Hydralisk x4  
  164  8:09  Zergling x2  
  173  8:30  Spire  
  173  8:31  Overlord x2  
  173  8:32  Hatchery, Spire  
  170  8:35  Hydralisk x6  
  170  8:36  Zergling x4  
  184  8:44  Hatchery  
  183  8:51  Extractor  
  182  8:55  Extractor  
  181  9:04  Drone x2  
  181  9:05  Drone x4  
  187  9:15  Extractor x2  
  184  9:30  Spine Crawler x2, Hydralisk  
  184  9:31  Hydralisk x8  
  182  9:32  Spore Crawler  
  182  9:33  Spine Crawler  
  195  9:40  Overseer  
  195  9:45  Overseer  
  195  9:48  Overlord x2  
  195  9:49  Overseer x6  
  195  9:51  Pneumatized Carapace, Zerg Flyer Weapons Level 1, Zerg Flyer Armor Level 1  
  195  9:59  Overlord x2  
  195  10:02  Zerg Ground Armor Level 2, Zerg Missile Weapons Level 3  
  195  10:04  Drone x5  
  200  10:08  Spore Crawler  
  200  10:09  Spore Crawler x3  
  200  10:10  Spore Crawler x2  
  170  10:36  Corruptor x14  
  198  10:45  Drone x2  
  200  11:01  Drone x12  
  200  11:07  Overseer  
  200  11:08  Overseer x2  
  200  11:09  Overseer  
  196  11:33  Viper  
  195  11:40  Adrenal Glands  
  195  11:46  Spine Crawler  
  195  11:47  Drone x2, Spore Crawler, Spine Crawler  
  187  11:48  Drone x9  
  194  12:07  Zerg Flyer Weapons Level 2, Zerg Flyer Armor Level 2  
  180  12:11  Corruptor x9  
  198  12:18  Lurker Den  
  192  12:58  Zerg Ground Armor Level 3  
  192  12:59  Zerg Melee Weapons Level 1  
  192  13:02  Drone  
  192  13:03  Drone x6  
  199  13:07  Spore Crawler  
  199  13:08  Spore Crawler x5  
  199  13:09  Spore Crawler x2  
  199  13:10  Drone x10, Spore Crawler x3  
  199  13:11  Drone  
  199  13:12  Spore Crawler x2  
  197  13:14  Spore Crawler  
  197  13:15  Spore Crawler  
  197  13:17  Drone x4  
  199  13:20  Spore Crawler x2  
  199  13:21  Spore Crawler x2  
  199  13:22  Spore Crawler  
  194  13:28  Seismic Spines  
  190  14:06  Lurker x5  
  190  14:07  Lurker x2  
  190  14:09  Lurker  
  196  14:11  Overseer x2  
  196  14:15  Drone x5, Spine Crawler  
  198  14:18  Spine Crawler  
  198  14:21  Extractor  
  198  14:22  Drone x3, Spore Crawler  
  198  14:23  Spore Crawler  
  197  14:24  Spore Crawler  
  197  14:25  Spore Crawler, Adaptive Talons  
  197  14:27  Spore Crawler  
  197  14:28  Spore Crawler, Zergling x12  
  197  14:29  Spore Crawler  
  198  14:35  Spine Crawler  
  197  14:41  Overlord  
  197  14:42  Overlord  
  197  14:47  Overlord x2  
  197  15:01  Spore Crawler  
  197  15:02  Spore Crawler x2  
  197  15:03  Spore Crawler  
  185  15:19  Zerg Flyer Weapons Level 3, Zerg Flyer Armor Level 3  
  185  15:22  Zerg Melee Weapons Level 2  
  182  15:42  Viper  
  182  15:45  Zergling x16  
  181  16:17  Corruptor x9  
  199  16:28  Overlord  
  199  16:35  Overlord x2  
  197  17:08  Spore Crawler  
  197  17:09  Spore Crawler  
  197  17:10  Spore Crawler x2  
  197  17:12  Spore Crawler  
  197  17:13  Spore Crawler  
  184  17:28  Corruptor x7  
  197  17:37  Corruptor x3  
  192  17:44  Zergling x8  
  191  18:07  Hydralisk x4  
  191  18:11  Zerg Melee Weapons Level 3  
  199  18:14  Greater Spire  
  199  18:27  Zergling x2  
  199  18:32  Hatchery  
  195  18:45  Spore Crawler x3  
  195  18:46  Drone x7  
  195  18:47  Spore Crawler  
  196  18:55  Spore Crawler x2  
  191  18:56  Spore Crawler  
  191  18:57  Spore Crawler  
  191  18:59  Spore Crawler x5  
  191  19:00  Spore Crawler x2  
  181  19:03  Spore Crawler x2  
  179  19:12  Drone x4  
  183  19:19  Hydralisk x4  
  183  19:20  Zergling x16  
  199  19:27  Extractor x2  
  197  19:48  Overseer x2, Overlord x2  
  197  19:58  Zergling x6  
  195  20:13  Spine Crawler x2  
  193  20:15  Spine Crawler  
  193  20:16  Spore Crawler  
  188  20:30  Hydralisk x3  
  188  20:31  Zergling x2, Hydralisk  
  188  20:32  Zergling x4  
  199  20:38  Spore Crawler  
  199  20:40  Spore Crawler  
  199  20:41  Spore Crawler  
  199  20:42  Spore Crawler x2  
  194  20:59  Zergling x2  
  194  21:00  Zergling x8  
  195  21:05  Zergling x10  
  196  21:39  Drone x3  
  200  21:40  Drone, Spore Crawler x2  
  200  21:41  Spore Crawler  
  196  21:56  Spore Crawler  
  196  21:57  Spore Crawler x2  
  181  22:16  Corruptor x2  
  181  22:17  Corruptor x7  
  199  22:37  Spine Crawler  
  199  22:38  Spine Crawler  
  188  23:39  Corruptor x7  
  197  23:43  Zergling x6  
  195  24:00  Drone x7  
Tags
 
Add a new tag
Caveats
  • Supply blocks, unpowered buildings, or Contaminate may cause inaccurate times.
  • Supply counts are checked every 10 seconds.